 Dungeon Crawl Stone Soup version 0.31-a0-516-gfcb59812bd (webtiles) character file.

Game seed: 8863154022720753000

24 Ethylacetat the Ducker (level 3, -3/25 HPs)
             Began as an Octopode Gladiator on Aug 10, 2023.
             Slain by Jessica
             ... wielding a +0 club
              (5 damage)
             ... on level 2 of the Dungeon.
             The game lasted 00:00:52 (544 turns).

Ethylacetat the Ducker (Octopode Gladiator)          Turns: 544, Time: 00:00:53

Health: -3/25      AC:  1    Str: 13    XL:     3   Next: 2%
Magic:  3/3        EV: 14    Int: 10    God:
Gold:   52         SH:  0    Dex: 15    Spells: 2/2 levels left

rFire   . . .        j - +1 dagger (flame)
rCold   . . .        (no shield)
rNeg    . . .        b - +0 hat
rPois   .            (no amulet)
rElec   .            (no ring)
rCorr   .            (no ring)
SInv    .            (no ring)
Will    .....        (no ring)
Stlth   +++          (no ring)
HPRegen 0.24/turn    (no ring)
MPRegen 0.08/turn    (no ring)
                     (no ring)

%: no passive effects
@: no status effects
A: almost no armour, amphibious, 8 rings, camouflage 1, gelatinous body 1,
(nimble swimmer 1), tentacles
a: no special abilities


You were on level 2 of the Dungeon.
You visited 1 branch of the dungeon, and saw 2 of its levels.

You collected 52 gold pieces.

Inventory:

Hand Weapons
 j - a +1 dagger of flaming (weapon)
Missiles
 c - 3 throwing nets (quivered)
 d - a javelin
Armour
 b - a +0 hat (worn)
Scrolls
 f - a scroll of identify {unknown}
 g - 2 scrolls of teleportation {unknown}
Potions
 a - a potion of curing {unknown}
 e - a potion of lignification {unknown}
 h - a potion of enlightenment {unknown}
 i - a potion of heal wounds {unknown}


   Skills:
 + Level 2.3 Fighting
 + Level 3.3 Long Blades
 - Level 2.0 Throwing
 + Level 3.3 Dodging
 + Level 1.6 Stealth


You had 2 spell levels left.
You didn't know any spells.
Your spell library was empty.

Dungeon Overview and Level Annotations

Branches:
Dungeon (2/15)

Altars:

Annotations:
D:2 Jessica


Innate Abilities, Weirdness & Mutations

You cannot wear most types of armour.
You are amphibious.
You can wear up to eight rings at the same time.
Your skin changes colour to match your surroundings (Stealth+).
Your rubbery body absorbs attacks. (AC +1, EV +1)
((You are camouflaged when in or above water. (Stealth+)))
You have tentacles for arms and can constrict up to eight enemies at once.


Message History

You barely miss Jessica. You squeeze Jessica, but do no damage.
You constrict Jessica, but do no damage.
Jessica hits you with a +0 club.
You hit Jessica but do no damage. You constrict Jessica.
Jessica hits you with a +0 club.
Jessica gestures wildly while chanting.
Jessica blinks free!
There are monsters nearby!
There are monsters nearby!
You hit the ball python. You burn the ball python.
You kill the ball python!
Jessica is nearby!
Jessica barely misses you. Jessica hits you with a +0 club.
A bat comes into view.
There are monsters nearby!
You are too injured to fight recklessly!
There are monsters nearby!
You are too injured to fight recklessly!
There are monsters nearby!
You are too injured to fight recklessly!
You are too injured to fight recklessly!
There are monsters nearby!
You are too injured to fight recklessly!
You hit Jessica but do no damage. You grab Jessica.
You squeeze Jessica, but do no damage.
Jessica is lightly wounded.
You constrict Jessica, but do no damage.
Jessica closely misses you.
You hit Jessica.
Jessica is moderately wounded.
You constrict Jessica. Jessica hits you with a +0 club.
* * * LOW HITPOINT WARNING * * *
Jessica casts a spell at you. Pain shoots through your body!
* * * LOW HITPOINT WARNING * * *
You hit Jessica.
Jessica is severely wounded.
You constrict Jessica. The bat barely misses you.
Jessica hits you with a +0 club.
You die...

.# . .# .# ..#
##########..#
#........b..#
#.###...@...# #.#
#.###@#.#
#.###.###...
#.######.#.........#
#.............# .#.#
######........# ....
#####..[.....##.. ..
#....†...........
... #.###........##


You could see Jessica (fast) and a bat.

Vanquished Creatures
  An endoplasm (D:2)
  3 hobgoblins
  2 jackals (D:1)
  3 kobolds (D:1)
  3 quokkas
  A ball python (D:2)
  3 bats
  A frilled lizard (D:1)
  3 goblins (D:1)
  A rat (D:1)
21 creatures vanquished.

Notes
Turn   | Place    | Note
-------+----------+-------------------------------------------
     0 | D:1      | Ethylacetat the Octopode Gladiator began the quest for the
                  | Orb.
     0 | D:1      | Reached XP level 1. HP: 14/14 MP: 1/1
   112 | D:1      | Reached skill level 1 in Stealth
   112 | D:1      | Reached XP level 2. HP: 15/19 MP: 2/2
   521 | D:2      | Reached XP level 3. HP: 24/25 MP: 3/3
   532 | D:2      | Noticed Jessica
   544 | D:2      | Slain by Jessica

Illustrated notes

Levels and vault maps discovered:
D:1:      tarquinn_simple_flora_water_c, layout_rooms, minmay_vboxes
D:2:      layout_loops_ring, basic_ecumenical_altar, fountainhead, uniq_robin,
          uniq_jessica

Skill      XL: |  1 |
---------------+----+-----
Stealth        | 1 |  1.6
Fighting       | |  2.3
Long Blades    | |  3.3
Throwing       | |  2.0
Dodging        | |  3.3

Action                     || total
---------------------------++-------
  Melee: Long sword        ||    29
         Constrict         ||    10
         Tentacles         ||     8
         Dagger            ||    11
   Stab: Sleeping          ||     7
 Armour: Skin              ||     6
  Dodge: Dodged            ||    24

Table legend: (Time is in decaauts)
 A = Elapsed time spent in this place.
 B = Non-inter-level travel time spent in this place.
 C = Inter-level travel time spent in this place.
 D = Time resting spent in this place.
 E = Time spent auto-exploring this place.
 F = Levels seen in this place.
 G = Mean time per level.
                   A        B        C        D        E       F      G
               +--------+--------+--------+--------+--------+-----+--------+
         Total |    549 |    546 |      3 |      0 |    400 |   2 |  274.5 |
       Dungeon |    549 |    546 |      3 |      0 |    400 |   2 |  274.5 |
               +--------+--------+--------+--------+--------+-----+--------+

Top non-repeatable levels by time:
     D:1: 493 daAuts
     D:2: 55 daAuts
